 Dungeon Crawl Stone Soup version 0.20.1-1-g8b1a95d (webtiles) character file.

1610 DCrawler215 the Cudgeler (level 8, -2/73 HPs)
             Began as a Minotaur Berserker on Apr 4, 2018.
             Was a Priest of Trog.
             Slain by a hippogriff (3 damage)
             ... while paralysed by Grinder
             ... on level 6 of the Dungeon.
             The game lasted 00:25:38 (4609 turns).

DCrawler215 the Cudgeler (Minotaur Berserker)       Turns: 4609, Time: 00:25:38

Health: -2/73      AC: 10    Str: 24    XL:     8   Next: 63%
Magic:  7/7        EV:  2    Int:  4    God:    Trog [***...]
Gold:   260        SH:  0    Dex: 10    Spells: 7/7 levels left

rFire    . . .     SeeInvis .   a - +3 morningstar (freeze)
rCold    . . .     Gourm    .   (no shield)
rNeg     . . .     Faith    .   v - +0 scale mail
rPois    .         Spirit   .   (helmet restricted)
rElec    .         Reflect  +   I - +0 cloak
rCorr    .         Harm     .   (no gloves)
MR       .....                  y - +0 pair of boots
Stlth    ..........             t - +5 amulet of reflection
Regen    0.3/turn               (no ring)
MPRegen  0.1/turn               (no ring)

@: paralysed, about to teleport, berserk cooldown, slowed, drained
A: retaliatory headbutt, horns 2
a: Berserk, Trog's Hand, Burn Spellbooks, Renounce Religion


You were on level 6 of the Dungeon.
You worshipped Trog.
Trog was most pleased with you.
You were hungry.

You visited 1 branch of the dungeon, and saw 6 of its levels.

You collected 260 gold pieces.

Inventory:

Hand Weapons
 a - a +3 morningstar of freezing (weapon)
 b - a +0 hunting sling
 p - a +0 mace
 x - a +0 flail
Missiles
 G - 13 sling bullets
Armour
 d - a +0 ring mail
 k - a +0 chain mail
 n - a +0 chain mail of fire resistance
 o - a +0 buckler
 v - a +0 scale mail (worn)
 y - a +0 pair of boots (worn)
 D - a +0 plate armour
 I - a +0 cloak (worn)
Jewellery
 t - a +5 amulet of reflection (around neck)
Scrolls
 e - a scroll of fear {unknown}
 l - 2 scrolls of identify
 r - a scroll of teleportation
 u - 2 scrolls of remove curse {unknown}
 w - a scroll of blinking {unknown}
 F - a scroll of vulnerability {unknown}
 H - a scroll of magic mapping {unknown}
 J - a scroll of noise {unknown}
Potions
 g - 2 potions of berserk rage
 j - a potion of mutation
 m - 3 potions of agility
 q - 4 potions of heal wounds
 s - a potion of lignification
 z - a potion of ambrosia {unknown}
 A - a potion of haste {unknown}
 B - a potion of flight {unknown}
 C - a potion of degeneration {unknown}
 E - 2 potions of curing
Comestibles
 c - 6 bread rations
 f - 5 fruits
 h - a royal jelly
 i - 3 meat rations


   Skills:
 + Level 7.1(6.7) Fighting
 + Level 7.4(6.9) Maces & Flails
 + Level 6.6(6.1) Armour
 + Level 6.3(5.9) Dodging
 + Level 2.9(2.5) Shields


You had 7 spell levels left.
You didn't know any spells.

Dungeon Overview and Level Annotations

Branches:
Dungeon (6/15)
 Temple: D:4-7

Altars:
Hepliaklqana
Qazlal
Zin

Annotations:
D:6 Grinder


Innate Abilities, Weirdness & Mutations

You reflexively headbutt those who attack you in melee.
You have a pair of horns on your head.


Message History

The hippogriff claws you.
* * * LOW HITPOINT WARNING * * *
Grinder barely misses you. You furiously retaliate!
You headbutt Grinder!
As you read the scroll of teleportation, it crumbles to dust.
You feel strangely unstable. You block the hippogriff's attack.
The hippogriff closely misses you. The hippogriff claws you.
* * * LOW HITPOINT WARNING * * *
Grinder says, "There's only one good use for a tongue: cutting it out."
Grinder gestures at you.
You suddenly lose the ability to move!
The hippogriff bites you but does no damage.
The hippogriff pecks you but does no damage.
The hippogriff claws you but does no damage.
Grinder gestures at you. You resist with some effort. The hippogriff bites you!
* * * LOW HITPOINT WARNING * * *
The hippogriff pecks you but does no damage.
The hippogriff claws you but does no damage.
Grinder hits you but does no damage. The hippogriff bites you.
You die...

# .# ### ##.#
##.. ...
.###..)##.# ##
#.....)5@###.#
.###...##H#.#
##.# ##.#
#.####.########
# #............
#.##...##### #
###.#
#.#.####.##
#.........#
####


You could see a hippogriff and Grinder.

Vanquished Creatures
  The ghost of Inchmeat the Conjurer, a novice GrFE (D:6)
  Sigmund (D:6)
  A sky beast (D:5)
  An ice beast (D:5)
  2 ogres (D:5)
  A centaur (D:5)
  The ghost of Theotherone the Sneak, an amateur VSEn (D:3)
  4 wights (D:6)
  2 howler monkeys (D:5)
  A crimson imp (D:5)
  A bullfrog zombie (D:6)
  An orc wizard (D:4)
  A gnoll shaman (D:5)
  Terence (D:3)
  2 worker ants (D:5)
  5 gnolls (D:5)
  6 adders
  A shadow imp (D:6)
  3 worms
  3 leopard geckos
  17 orcs
  8 bats
  7 giant cockroaches
  5 goblins (D:1)
  8 hobgoblins
  4 jackals
  6 kobolds
  6 quokkas
  A ball python (D:1)
  8 frilled lizards
  A jackal skeleton (D:5)
  2 rats
112 creatures vanquished.

Notes
Turn   | Place    | Note
-------+----------+-------------------------------------------
     0 | D:1      | DCrawler215 the Minotaur Berserker began the quest for the Orb.
     0 | D:1      | Reached XP level 1. HP: 19/19 MP: 0/0
   327 | D:1      | Reached XP level 2. HP: 24/27 MP: 1/1
   694 | D:1      | Found a hazy altar of Hepliaklqana.
  1196 | D:2      | Reached XP level 3. HP: 31/33 MP: 2/2
  1391 | D:2      | Reached ** piety under Trog
  1534 | D:2      | Reached XP level 4. HP: 29/41 MP: 3/3
  1823 | D:2      | Found a glowing silver altar of Zin.
  1824 | D:2      | Noticed an angel
  1911 | D:3      | Noticed Terence
  1918 | D:3      | Killed Terence
  2096 | D:3      | Noticed Theotherone's ghost (amateur VSEn)
  2104 | D:3      | Killed Theotherone's ghost
  2104 | D:3      | Reached skill level 5 in Maces & Flails
  2104 | D:3      | Reached XP level 5. HP: 47/47 MP: 4/4
  2849 | D:4      | Noticed an ogre
  3109 | D:4      | Found a hazy altar of Hepliaklqana.
  3131 | D:4      | Reached skill level 5 in Fighting
  3314 | D:5      | Entered Level 5 of the Dungeon
  3360 | D:5      | Reached XP level 6. HP: 55/56 MP: 5/5
  3364 | D:5      | Found a stormy altar of Qazlal.
  3471 | D:5      | Noticed an ice beast
  3487 | D:5      | Killed an ice beast
  3500 | D:5      | Reached skill level 5 in Armour
  3500 | D:5      | Reached XP level 7. HP: 62/62 MP: 6/6
  3503 | D:5      | Reached skill level 5 in Dodging
  3650 | D:5      | Reached *** piety under Trog
  4065 | D:6      | Noticed Sigmund
  4093 | D:6      | Killed Sigmund
  4093 | D:6      | Reached skill level 1 in Shields
  4093 | D:6      | Reached XP level 8. HP: 69/71 MP: 7/7
  4151 | D:6      | Noticed Inchmeat's ghost (novice GrFE)
  4160 | D:6      | Killed Inchmeat's ghost
  4577 | D:6      | Noticed Grinder
  4577 | D:6      | Paralysed by Grinder for 6 turns
  4600 | D:6      | Noticed a hippogriff
  4607 | D:6      | Paralysed by Grinder for 4 turns
  4608 | D:6      | HP: 1/73 [hippogriff (7)]
  4609 | D:6      | Slain by a hippogriff

Skill      XL: |  1  2  3  4  5  6  7  8 |
---------------+-------------------------+-----
Maces & Flails | 4 5 6 7 |  7.4
Fighting       | 4 5 6 7 |  7.1
Dodging        | 3 4 5 6 |  6.3
Armour         | 3 4 5 6 |  6.6
Shields        | 1 2 |  2.9

Action                   |  1- 3 |  4- 6 |  7- 9 || total
-------------------------+-------+-------+-------++-------
Melee: Mace              |    78 |    20 |       ||    98
       Headbutt          |     7 |    17 |    20 ||    44
       Flail             |       |    85 |    97 ||   182
       Morningstar       |       |       |    19 ||    19
 Fire: Hunting sling     |       |       |     6 ||     6
Invok: Berserk           |     2 |     4 |     5 ||    11
  Use: Scroll            |       |     6 |     2 ||     8
 Stab: Sleeping          |     1 |       |       ||     1
  Eat: Chunk             |     4 |     9 |     9 ||    22
Armor: Animal skin       |     9 |       |       ||     9
       Ring mail         |    14 |    17 |       ||    31
       Leather armour    |     1 |       |       ||     1
       Scale mail        |       |    19 |    47 ||    66
Dodge: Dodged            |    52 |    67 |    64 ||   183
Block: Other             |       |    12 |    25 ||    37
